[Event "Late-Titled-Tuesday-Blitz-March-05-2024"]
[Site "Chess.com"]
[Date "2024.03.05"]
[Round "5"]
[White "prochn"]
[Black "kalxandria"]
[Result "1/2-1/2"]
[WhiteElo "2438"]
[BlackElo "2203"]
[TimeControl "180+1"]
[EndTime "14:54:55 PST"]
[Termination "Game drawn by repetition"]

1. d4 Nf6 2. c4 e6 3. g3 d5 4. Bg2 Be7 5. Nf3 O-O 6. O-O c6 7. Qc2 b6 8. Ne5 Bb7 9. Rd1 Nbd7 10. Nd2 Rc8 11. e4 c5 12. exd5 exd5 13. Qa4 cxd4 14. Nxd7 Qxd7 15. Qxd7 Nxd7 16. cxd5 Nf6 17. Nb3 Bxd5 18.
Nxd4 Bxg2 19. Kxg2 Rfd8 20. Bg5 h6 21. Nf5 Rxd1 22. Rxd1 Bd8 23. Bf4 Ne4 24. Rd7 Bf6 25. b3 Rc2 26. Rxa7 Rxf2+ 27. Kg1 Rc2 28. Ne7+ Kh7 29. Be3 Bg5 30. Bxb6 Nd2 31. Nd5 Nf3+ 32. Kf1 Nxh2+ 33. Ke1 Nf3+ 34. Kf1 Nh2+ 35. Ke1 Nf3+ 36.
Kf1 Nh2+ 1/2-1/2

[Event "Late-Titled-Tuesday-Blitz-March-05-2024"]
[Site "Chess.com"]
[Date "2024.03.05"]
[Round "5"]
[White "Zampronha1971"]
[Black "Penafiel-Josselyne02"]
[Result "0-1"]
[WhiteElo "2332"]
[BlackElo "2066"]
[TimeControl "180+1"]
[EndTime "14:54:56 PST"]
[Termination "Penafiel-Josselyne02 won by checkmate"]

1. e4 c5 2. Nf3 d6 3. d4 cxd4 4. Nxd4 Nf6 5. Nc3 Nc6 6. Bg5 Bd7 7. Qd2 Nxd4 8. Qxd4 Qa5 9. f4 Rc8 10. O-O-O h6 11.
Bxf6 gxf6 12. f5 Rg8 13. g3 h5 14. Be2 Rxc3 15. Qxc3 Qxa2 16. b3 Bh6+ 17. Rd2 Qa3+ 18. Kb1 Bxd2 19. Qxd2 Bc6 20. Bf3 Qc5 21. Re1 a5 22.
Bxh5 a4 23. bxa4 Bxa4 24. Be2 Qb6+ 25. Kc1 Qc5 26. Bd3 Rg4 27. Qe2 Qa3+ 28. Kd1 Rg5 29.
g4 Qb2 30. h4 Rg8 31. Qf3 Qc3 32. Qe2 Rxg4 33. Qxg4 Qxd3+ 34. Kc1 Qxc2# 0-1

[Event "Late-Titled-Tuesday-Blitz-March-05-2024"]
[Site "Chess.com"]
[Date "2024.03.05"]
[Round "5"]
[White "NovakRatko"]
[Black "rionelG"]
[Result "0-1"]
[WhiteElo "2383"]
[BlackElo "2230"]
[TimeControl "180+1"]
[EndTime "14:54:57 PST"]
[Termination "rionelG won on time"]

1. d4 d5 2. c4 e6 3. cxd5 exd5 4. Nc3 Nf6 5. Bg5 c6 6. f3 Be7 7. Qd2 Bf5 8. g4 Bg6 9. h4 h5 10. gxh5 Nxh5 11. Kf2 Qd6 12. Bh3 Qg3+ 13. Kf1 Bxg5 14.
Qxg5 Qxg5 15. hxg5 Ng3+ 16. Kg2 Nxh1 17. Kxh1 Bf5 18. Kg2 Bxh3+ 19. Nxh3 Nd7 20. e4 dxe4 21. fxe4 O-O-O 22. Kg3 Nb6 23. Rd1 f6 24. gxf6 gxf6 25. Nf4 Rdg8+ 26. Kf3 Rh4 27. d5 cxd5 28. Ncxd5 Nxd5 29.
Nxd5 Rgg4 30. Rd4 b6 31. a4 Kb7 32. Rc4 f5 0-1

[Event "Late-Titled-Tuesday-Blitz-March-05-2024"]
[Site "Chess.com"]
[Date "2024.03.05"]
[Round "5"]
[White "jstopa4"]
[Black "santosalberto1987"]
[Result "0-1"]
[WhiteElo "2694"]
[BlackElo "2553"]
[TimeControl "180+1"]
[EndTime "14:54:58 PST"]
[Termination "santosalberto1987 won by checkmate"]

1. d4 Nf6 2. c4 d6 3. Nc3 e5 4. Nf3 e4 5. Ng5 Bf5 6. Qb3 b6 7. h4 h6 8. Nh3 Nbd7 9. g3 g6 10. Bg2 Bg7 11. Bf4 O-O 12. O-O-O Re8 13. f3 exf3 14.
Bxf3 Ne4 15. Nxe4 Bxe4 16. Nf2 Bxf3 17. Qxf3 Qe7 18. e4 c5 19. d5 Ne5 20. Qe2 a6 21. g4 b5 22. Bxe5 Bxe5 23. h5 g5 24. Rh3 bxc4 25.
Qxc4 Reb8 26. Rb3 Rb5 27. Nd3 Rab8 28. Kc2 Qf6 29. Rd2 Bd4 30. Nc1 Qf4 31. Ne2 Qxe4+ 32. Qd3 Qxd3+ 33. Rdxd3 Be5 34. Re3 Rxb3 35. axb3 Rb4 36.
Nc1 Rxg4 37. Nd3 f6 38. b4 c4 39. Nc1 Rh4 40. Ne2 Rxh5 41. Re4 Rh2 42. Kd1 f5 43. Rxc4 f4 44. Ke1 f3 45. Nc3 Bg3+ 46. Kf1 Rh1# 0-1

[Event "Late-Titled-Tuesday-Blitz-March-05-2024"]
[Site "Chess.com"]
[Date "2024.03.05"]
[Round "5"]
[White "szachmistrz2500"]
[Black "Zq1"]
[Result "1-0"]
[WhiteElo "2442"]
[BlackElo "2585"]
[TimeControl "180+1"]
[EndTime "14:54:58 PST"]
[Termination "szachmistrz2500 won by resignation"]

1. d4 Nf6 2. c4 a6 3. Nc3 c5 4.
d5 b5 5. e3 b4 6. Nce2 d6 7. Nf4 g6 8. h4 h5 9. Bd3 Bg7 10.
Ngh3 Nbd7 11. Bxg6 fxg6 12. Ne6 Qb6 13. Nxg7+ Kf7 14.
Ne6 Ne5 15. Nhg5+ Ke8 16. Qc2 Rg8 17. O-O Nf7 18. e4 Nxg5 19. Nxg5 Kd7 20. b3 Kc7 21. Bb2 Bd7 22. e5 Bf5 23. Qe2 Nd7 24. e6 Nf6 25. Bxf6 exf6 26. Nh7 g5 27. Nxf6 Rg6 28. e7 Rxf6 29.
e8=Q Rxe8 30. Qxe8 Bd7 31. Qe7 Rf4 32. hxg5 Qb8 33.
Rae1 Qg8 34. Re6 Rg4 35. Qxd6+ Kc8 36. Qxa6+ Kd8 37. Qa8+ Bc8 38. Rd6+ Ke7 39. Re1+ Kf7 40. Qa7+ 1-0

[Event "Late-Titled-Tuesday-Blitz-March-05-2024"]
[Site "Chess.com"]
[Date "2024.03.05"]
[Round "5"]
[White "kleinebeer98"]
[Black "Emp3rador"]
[Result "1-0"]
[WhiteElo "2892"]
[BlackElo "2639"]
[TimeControl "180+1"]
[EndTime "14:54:59 PST"]
[Termination "kleinebeer98 won on time"]

1. e4 e5 2. Nf3 Nf6 3. d4 Nxe4 4. Bd3 d5 5. Nxe5 Bd6 6. c4 c6 7. O-O O-O 8. Nc3 Nxc3 9. bxc3 Be6 10. Re1 Bxe5 11.
Rxe5 dxc4 12. Bc2 Nd7 13. Rh5 g6 14. Rh6 Bd5 15. h4 Re8 16. Bg5 f6 17. Bxg6 fxg5 18.
Bxh7+ Kf8 19. Bf5 Nf6 20. hxg5 Ng8 21. Qh5 Qe7 22. Rh7 Qe2 23. Qg6 Re7 24. Rh8 Rg7 25. Qf6+ Rf7 26. Qh6+ Rg7 27. Rh7 Qe7 28. Rxg7 Qxg7 29.
Qd6+ Qe7 30. Qf4 Qf7 31. Rb1 Ne7 32. g4 b5 33. g6 Qf6 34. Re1 Re8 35. Qh6+ Qg7 36.
Qe3 Qf6 37. Bd7 1-0

[Event "Late-Titled-Tuesday-Blitz-March-05-2024"]
[Site "Chess.com"]
[Date "2024.03.05"]
[Round "5"]
[White "ameetghasi100"]
[Black "TokChess"]
[Result "1-0"]
[WhiteElo "2771"]
[BlackElo "2541"]
[TimeControl "180+1"]
[EndTime "14:55:01 PST"]
[Termination "ameetghasi100 won by resignation"]

1. b3 d5 2. Bb2 c6 3. d3 Nf6 4. Nd2 Bg4 5. h3 Bf5 6. e3 h6 7. Ngf3 a5 8. a3 e6 9. g4 Bh7 10. Rg1 Nbd7 11. h4 Ng8 12. g5 Bg6 13. gxh6 Nxh6 14. Ng5 Qe7 15. e4 O-O-O 16. Qe2 Ng8 17.
Ngf3 Bh5 18. O-O-O Ngf6 19. Bh3 Kb8 20. Qe3 Ka8 21. Kb1 Qc5 22. d4 Qb6 23. e5 Ng8 24.
c4 Ne7 25. c5 Qc7 26. Ka2 Bg6 27. Qc3 Nf5 28. Ng5 Be7 29. Nxe6 fxe6 30. Rxg6 Rxh4 31.
Bxf5 exf5 32. Rxg7 Bf8 33. Rg8 Bh6 34. Rxd8+ Qxd8 35. Nf3 Rg4 36. Rh1 Bg7 37. Qd3 Qf8 38. Bc1 Qf7 39.
Qc3 Kb8 40. Qxa5 Qf8 41. Rh4 Rxh4 42. Nxh4 Bh6 43. f4 Bg7 44. e6 Nf6 45. Nxf5 Ne4 46. e7 Qf7 47. Qd8+ Ka7 48. e8=Q 1-0

[Event "Late-Titled-Tuesday-Blitz-March-05-2024"]
[Site "Chess.com"]
[Date "2024.03.05"]
[Round "5"]
[White "Byniolus"]
[Black "Shahdad2007"]
[Result "1-0"]
[WhiteElo "2783"]
[BlackElo "2568"]
[TimeControl "180+1"]
[EndTime "14:55:02 PST"]
[Termination "Byniolus won by checkmate"]

1. d4 c5 2. c3 Nf6 3. Nf3 d5 4. Bf4 Nc6 5. Nbd2 Qb6 6. Qb3 c4 7. Qc2 g6 8. e4 e6 9. Be2 Bg7 10.
e5 Nd7 11. h4 h5 12. Ng5 Ne7 13. f3 Qc6 14. Kf2 b5 15. g4 a5 16. a3 Rb8 17.
Nf1 Qb6 18. Kg2 b4 19. axb4 axb4 20. Ng3 bxc3 21. bxc3 Qb2 22. Rac1 Qxc2 23. Rxc2 Rb3 24.
Bd2 Nc6 25. gxh5 gxh5 26. Ra1 Ke7 27. f4 f6 28. Nh3 Bh6 29. exf6+ Nxf6 30. Ng5 Bd7 31.
Bf3 Rhb8 32. Raa2 Rh8 33. Be1 Bxg5 34. fxg5 Ng4 35. Bd2 e5 36. Bxd5 exd4 37. cxd4 Nxd4 38. Rxc4 Rd3 39. Bb4+ Ke8 40. Ra8+ Bc8 41. Raxc8+ Kd7 42.
R4c7# 1-0

[Event "Late-Titled-Tuesday-Blitz-March-05-2024"]
[Site "Chess.com"]
[Date "2024.03.05"]
[Round "5"]
[White "finec2"]
[Black "rodp92"]
[Result "0-1"]
[WhiteElo "2215"]
[BlackElo "2494"]
[TimeControl "180+1"]
[EndTime "14:55:02 PST"]
[Termination "rodp92 won by resignation"]

1. e4 g6 2. d4 c6 3. Nc3 d5 4. Nf3 dxe4 5. Nxe4 Nf6 6. Bd3 Bg7 7.
O-O O-O 8. c3 a5 9. Re1 a4 10.
a3 Nbd7 11. Bf4 Nb6 12. h3 Nbd5 13. Bh2 Re8 14. Qd2 b6 15. Rad1 Bb7 16. Bb1 Nxe4 17. Bxe4 b5 18. Be5 Bf6 19. Bb1 Bg7 20. Bxg7 Kxg7 21. Ne5 f6 22. Ng4 Rh8 23. Qh6+ Kf7 24. Rd2 Qf8 25. Rde2 Qxh6 26. Nxh6+ Kg7 27. Ng4 Rhe8 28.
Be4 Nf4 29. Re3 f5 30. Bxf5 gxf5 31. Rxe7+ Kf8 32. Rxe8+ Rxe8 33. Rxe8+ Kxe8 34. Nf6+ Ke7 35. Nxh7 Nd3 36. h4 Nxb2 37. h5 Nc4 38. h6 Kf7 39. Ng5+ Kg8 40. h7+ Kh8 41. f4 Nxa3 42. g4 Bc8 43.
Nf7+ Kxh7 44. Nd6 Bd7 45. g5 Nc4 0-1

[Event "Late-Titled-Tuesday-Blitz-March-05-2024"]
[Site "Chess.com"]
[Date "2024.03.05"]
[Round "5"]
[White "Sjakkerntobi"]
[Black "manitodeplomo"]
[Result "0-1"]
[WhiteElo "2495"]
[BlackElo "2724"]
[TimeControl "180+1"]
[EndTime "14:55:03 PST"]
[Termination "manitodeplomo won by resignation"]

1. e4 e6 2. d4 d5 3. Nc3 Bb4 4.
e5 Ne7 5. a3 Bxc3+ 6. bxc3 c5 7. h4 Qa5 8. Bd2 Qa4 9. h5 h6 10.
Nf3 b6 11. dxc5 bxc5 12. Rh4 Qd7 13. Rb1 Nbc6 14. Rg4 Kf8 15. Be3 c4 16. Bc5 Kg8 17. Qd2 Qc7 18. Qf4 Nf5 19. Bd6 Qa5 20. Qd2 Qd8 21.
Bc5 Qc7 22. Qf4 Rb8 23. Rd1 Rb2 24. Nh4 Qxe5+ 25. Qxe5 Nxe5 26. Nxf5 exf5 27. Rgd4 Be6 28. Bb4 Rxc2 29. Rb1 Kh7 30. Be2 Rb8 31. Bd1 Ra2 32.
Rd2 Rxd2 33. Kxd2 a5 34. Bd6 Rxb1 35. Bxe5 Rb2+ 36. Ke3 g5 37. g3 Ra2 38. Bd6 f6 39. f4 Kg7 40. Bf3 Kf7 41. Kd4 Rd2+ 42. Kc5 Rd3 43. Bc7 Rxf3 44. Bxa5 Rxg3 45. Bb6 Rxc3 46.
a4 Ra3 47. Kb4 Rb3+ 48. Kc5 0-1

[Event "Late-Titled-Tuesday-Blitz-March-05-2024"]
[Site "Chess.com"]
[Date "2024.03.05"]
[Round "5"]
[White "GoValya"]
[Black "yuriydovzik"]
[Result "1-0"]
[WhiteElo "2239"]
[BlackElo "2066"]
[TimeControl "180+1"]
[EndTime "14:55:03 PST"]
[Termination "GoValya won on time"]

1. d4 Na6 2. Nf3 c5 3. d5 Nc7 4. c4 d6 5. Nc3 g6 6. e4 Bg7 7.
Bf4 Nf6 8. Be2 O-O 9. h3 a6 10. a4 b6 11. O-O Nh5 12. Bh2 Bh6 13. e5 Nf4 14. exd6 Nxe2+ 15. Qxe2 exd6 16. Ne4 Re8 17. Qc2 Bf5 18. Rae1 Rxe4 19. Rxe4 Qf6 20. Qe2 Bxe4 21.
Qxe4 Re8 22. Qh4 Qxh4 23. Nxh4 Bf8 24. f4 Re2 25. Rf2 Re4 26. b3 Re3 27. Rf3 Re2 28.
Rd3 Rb2 29. Nf3 h6 30. Bg3 f5 31.
Nh4 Kf7 32. Nf3 Bg7 33. Be1 Ne8 34. Bc3 Rxb3 35. Bxg7 Rxd3 36. Bxh6 Ra3 37. Ng5+ 1-0

[Event "Late-Titled-Tuesday-Blitz-March-05-2024"]
[Site "Chess.com"]
[Date "2024.03.05"]
[Round "5"]
[White "Harry_Rakkel"]
[Black "Beca95"]
[Result "0-1"]
[WhiteElo "2693"]
[BlackElo "2973"]
[TimeControl "180+1"]
[EndTime "14:55:04 PST"]
[Termination "Beca95 won on time"]

1. e4 c5 2. Nf3 d6 3. d4 cxd4 4. Nxd4 Nf6 5. Nc3 a6 6. h4 e5 7. Nb3 Be7 8. Bg5 Be6 9. Bxf6 Bxf6 10. g3 Be7 11. Qd2 Nd7 12. O-O-O Nf6 13. Kb1 Rc8 14. Bg2 h5 15. f4 Qc7 16. f5 Bd7 17. Qe2 Bc6 18.
Nd2 b5 19. Rc1 O-O 20. Nd5 Bxd5 21. exd5 Qa5 22. Ne4 Rc4 23. b3 Nxe4 24. Bxe4 Rb8 25. Rhd1 Bf6 26. Rd3 Qb4 27. Re3 a5 28. c3 Qa3 29. Rc2 Rc7 30. Qxh5 b4 31. c4 a4 32. g4 axb3 33. Rxb3 Qa7 34. g5 Qg1+ 35. Rc1 Qd4 36. Bc2 g6 37. fxg6 Bg7 38. Rd1 Qxc4 39. gxf7+ Kf8 40.
Bg6 e4 0-1

[Event "Late-Titled-Tuesday-Blitz-March-05-2024"]
[Site "Chess.com"]
[Date "2024.03.05"]
[Round "5"]
[White "rynos0411"]
[Black "Yaacovn"]
[Result "1-0"]
[WhiteElo "2645"]
[BlackElo "2842"]
[TimeControl "180+1"]
[EndTime "14:55:04 PST"]
[Termination "rynos0411 won by resignation"]

1. e4 c6 2. d4 d5 3. Nc3 dxe4 4.
Nxe4 Nf6 5. Nxf6+ gxf6 6. c3 Qd5 7. Nf3 Bg4 8. Be2 Nd7 9. h3 Bh5 10. Be3 e6 11. c4 Qa5+ 12. Bd2 Bb4 13. Bxb4 Qxb4+ 14. Qd2 Qxd2+ 15. Kxd2 O-O-O 16. Rad1 Rhg8 17. g4 Bg6 18. Kc3 Kc7 19. Rhe1 Nb6 20. Nh4 Nc8 21. Nxg6 hxg6 22.
Bf3 Rh8 23. Bg2 Nd6 24. b4 f5 25. a4 Rh4 26. f3 a6 27. c5 Nc8 28. b5 Ne7 29. bxa6 bxa6 30. Rb1 Nd5+ 31. Kc4 a5 32. Rb3 Rb8 33. Rxb8 Kxb8 34. Bf1 Kc7 35. gxf5 gxf5 36. Rb1 Rh8 37. Kd3 Rg8 38. Kd2 Rg1 39.
Bd3 Rg2+ 40. Ke1 Rh2 41. Bc4 Nb4 42. Bf1 Nc2+ 43. Kd1 Ne3+ 44. Ke1 Nc2+ 45. Kd1 Nxd4 46. Rb6 Rh1 47. Ke1 Nxf3+ 48. Kf2 Ne5 49. Ra6 Rh2+ 50. Bg2 Nd3+ 51. Kg1 Rxg2+ 52. Kxg2 Nxc5 53. Rxa5 Ne4 54. h4 f4 55. Kf3 f5 56. Kxf4 Nf6 57. Kg5 Ne4+ 58.
Kg6 f4 59. Re5 Ng3 60. Rxe6 f3 61. Rf6 1-0

[Event "Late-Titled-Tuesday-Blitz-March-05-2024"]
[Site "Chess.com"]
[Date "2024.03.05"]
[Round "5"]
[White "LikeWater"]
[Black "Harsha_Bharathakoti"]
[Result "1/2-1/2"]
[WhiteElo "2700"]
[BlackElo "2955"]
[TimeControl "180+1"]
[EndTime "14:55:06 PST"]
[Termination "Game drawn by repetition"]

1. e4 e6 2. d4 d5 3. e5 c5 4.
c3 Nc6 5. Nf3 Bd7 6. Bd3 cxd4 7.
a3 Qb6 8. O-O Nge7 9. Re1 Rc8 10. h4 a6 11. h5 h6 12. Nbd2 dxc3 13. bxc3 Na5 14. Rb1 Qc7 15. Nf1 Nc4 16. a4 Nc6 17. Bxc4 dxc4 18. Bf4 Be7 19. Ne3 Na5 20. Nd5 Qc5 21. Nb6 Rd8 22. Nd4 O-O 23. Re3 Kh8 24.
Rg3 Rg8 25. Qd2 Nb3 26. Nxb3 Qxb6 27. Bxh6 cxb3 28. Qf4 Qc5 29. Qxf7 gxh6 30. Rg6 Bg5 31. Rd1 Qf8 32. Rxd7 Qxf7 33. Rxf7 Rg7 34. Rgxg7 b2 35. Rh7+ Kg8 36. Rhg7+ Kh8 37. Rh7+ Kg8 38. Rhg7+ Kh8 1/2-1/2

[Event "Late-Titled-Tuesday-Blitz-March-05-2024"]
[Site "Chess.com"]
[Date "2024.03.05"]
[Round "5"]
[White "Tugrik1969"]
[Black "bancsoo"]
[Result "0-1"]
[WhiteElo "2415"]
[BlackElo "2881"]
[TimeControl "180+1"]
[EndTime "14:55:06 PST"]
[Termination "bancsoo won on time"]

1. d4 d5 2. c4 e6 3. Nf3 Nf6 4. g3 Be7 5. Bg2 O-O 6. Nc3 c6 7. O-O a5 8. Ne5 Nfd7 9. Nxd7 Nxd7 10. cxd5 exd5 11. e4 dxe4 12. Nxe4 Nb6 13. Nc3 Be6 14. Bf4 Nd5 15. Bd2 Re8 16. Re1 Qd7 17. Ne4 b6 18.
Bg5 Bb4 19. Bd2 Bf8 20. a3 g6 21. Rc1 Bg7 22. Be3 h6 23. Qd2 Kh7 24. h4 Bf5 25. Nc3 Nxe3 26. fxe3 Rab8 27. Qf2 b5 28. Qf3 Rbc8 29. b4 axb4 30. axb4 Qd6 31. g4 Be6 32. Ne4 Qxb4 33. g5 h5 34. Nf6+ Bxf6 35. Qxf6 Qd6 36. Rcd1 Qg3 37. e4 Kg8 38. d5 cxd5 39. exd5 Bg4 40.
Rxe8+ Rxe8 41. Rf1 Bf5 42. d6 Qe3+ 0-1

[Event "Late-Titled-Tuesday-Blitz-March-05-2024"]
[Site "Chess.com"]
[Date "2024.03.05"]
[Round "5"]
[White "vladoboch"]
[Black "jaskol95"]
[Result "0-1"]
[WhiteElo "2437"]
[BlackElo "2576"]
[TimeControl "180+1"]
[EndTime "14:55:06 PST"]
[Termination "jaskol95 won by resignation"]

1. e4 d5 2. exd5 Nf6 3. d4 Bg4 4. f3 Bf5 5. g3 Qxd5 6. c4 Qd7 7. Nc3 e6 8. Nge2 Nc6 9. Bg2 O-O-O 10. Be3 Nb4 11. Ne4 Bxe4 12. fxe4 Ng4 13. Bg1 Nc6 14. h3 Bb4+ 15. Nc3 Nf6 16. e5 Ng8 17. Qb3 Nge7 18. O-O-O Nf5 19. d5 Bxc3 20. dxc6 Qxd1+ 21. Qxd1 Bxb2+ 22. Kc2 Rxd1 23. cxb7+ Kb8 24. Kxd1 Bxe5 25. Bc5 Bd6 26. Bf2 Bxg3 27. Bxg3 Nxg3 28. Re1 Rd8+ 29. Kc2 Nf5 30. Kc3 c5 31. Re5 Rd7 32. Rxc5 Rc7 33. Rb5 Nd6 34. Rb4 a5 35. Rb6 Nxc4 36. Rc6 Rxc6 37. Bxc6 Nd6 38. Kd4 Nxb7 39. Be8 Nd6 40. Bd7 Kc7 41. Ba4 Kb6 42. Bc2 h6 43. Ke5 Kc5 44. a3 Nc4+ 0-1

[Event "Late-Titled-Tuesday-Blitz-March-05-2024"]
[Site "Chess.com"]
[Date "2024.03.05"]
[Round "5"]
[White "KorolDimitriy75"]
[Black "WilsonPalencia21"]
[Result "0-1"]
[WhiteElo "2418"]
[BlackElo "2571"]
[TimeControl "180+1"]
[EndTime "14:55:06 PST"]
[Termination "WilsonPalencia21 won by resignation"]

1. d4 Nf6 2. c4 c5 3. d5 e6 4. Nc3 exd5 5. cxd5 d6 6. Nf3 g6 7. Nd2 a6 8. a4 Nbd7 9. Nc4 Nb6 10. e4 Nxc4 11.
Bxc4 Bg7 12. O-O O-O 13. h3 Nh5 14. Re1 Rb8 15. a5 Re8 16. Be2 Nf6 17. Bd3 Nh5 18.
Be2 Nf6 19. Bd3 Nd7 20. Bf4 Ne5 21. Bf1 b5 22. axb6 Rxb6 23. Ra2 Qc7 24. Qd2 Qb8 25. Bg3 f5 26. exf5 Bxf5 27. f4 Nd7 28. Rxe8+ Qxe8 29. Rxa6 Bd4+ 30. Kh2 Rxa6 31. Bxa6 Nf6 32. Bd3 Kg7 33. Bxf5 gxf5 34. Qd3 Kg6 35. b3 Bxc3 36. Qxc3 Nxd5 37. Qd3 Qe4 38. Qd2 Qe6 39. Qa5 Ne3 40. Qe1 d5 41. Bf2 d4 42. b4 c4 43. Qe2 Ng4+ 44.
Qxg4+ fxg4 45. Kg3 gxh3 0-1

[Event "Late-Titled-Tuesday-Blitz-March-05-2024"]
[Site "Chess.com"]
[Date "2024.03.05"]
[Round "5"]
[White "carloseduar100"]
[Black "morte-negra"]
[Result "1-0"]
[WhiteElo "2360"]
[BlackElo "2057"]
[TimeControl "180+1"]
[EndTime "14:55:07 PST"]
[Termination "carloseduar100 won on time"]

1. g3 Nf6 2. Bg2 g6 3. Nf3 Bg7 4. O-O O-O 5. d4 d5 6. c3 c5 7. dxc5 Nbd7 8. b4 b6 9. cxb6 Qxb6 10. Bb2 a5 11. a3 axb4 12. cxb4 e5 13. Nxe5 Nxe5 14.
Bxe5 Bb7 15. Nc3 Qe6 16. Qd4 Rac8 17. Rad1 Rxc3 18. Qxc3 Ne4 19. Qc7 Ba6 20. Bxg7 Kxg7 21. Rfe1 Rc8 22. Qf4 Nc3 23. Rd2 Nxe2+ 24. Rdxe2 Bxe2 25. Bf1 Rc2 26. Qd4+ f6 27. Bxe2 Rxe2 28. Rxe2 Qxe2 29. Qxd5 Qe1+ 30. Kg2 Qa1 31. Qf3 Qb2 32.
Qd3 h5 33. h4 Kh7 34. b5 Kg7 35.
a4 Qb4 36. Qc2 Kh6 37. Kh2 g5 38. hxg5+ Kxg5 39. Qc1+ Kg6 40. Qd1 Qc5 41. Qf3 1-0

[Event "Late-Titled-Tuesday-Blitz-March-05-2024"]
[Site "Chess.com"]
[Date "2024.03.05"]
[Round "5"]
[White "NateSolon"]
[Black "BogdanDeac"]
[Result "0-1"]
[WhiteElo "2693"]
[BlackElo "2971"]
[TimeControl "180+1"]
[EndTime "14:55:08 PST"]
[Termination "BogdanDeac won on time"]

1. d4 Nf6 2. Bf4 c5 3. d5 b5 4.
e4 Nxe4 5. Qf3 Qa5+ 6. Nd2 Nf6 7. c4 bxc4 8. Ne2 d6 9. Nc3 Ba6 10. Bxc4 g6 11. Bxd6 Qb6 12. Bg3 Bg7 13. O-O O-O 14.
b3 Re8 15. Rfe1 Nbd7 16. Rac1 Nh5 17. Na4 Qb7 18. Bxa6 Qxa6 19. Ne4 Nxg3 20. hxg3 Rac8 21. Rc2 c4 22. Rec1 Ne5 23. Qe2 Nd3 24. Rd1 cxb3 25.
Rxc8 Rxc8 26. axb3 Nc5 27. Qxa6 Nxa6 28. d6 exd6 29.
Rxd6 Nb4 30. Rd7 a6 31. Nac5 h6 32. Kh2 Rc6 33. Nd3 Nxd3 34. Rxd3 Rb6 35. Rd8+ Kh7 36. Rd7 f5 37. Nd6 Kg8 38. Ne8 Bf8 0-1

[Event "Late-Titled-Tuesday-Blitz-March-05-2024"]
[Site "Chess.com"]
[Date "2024.03.05"]
[Round "5"]
[White "Crazy_girl99"]
[Black "KNVB"]
[Result "0-1"]
[WhiteElo "2572"]
[BlackElo "2810"]
[TimeControl "180+1"]
[EndTime "14:55:08 PST"]
[Termination "KNVB won by checkmate"]

1. e4 b6 2. d4 Bb7 3. Nc3 e6 4. Nf3 Bb4 5. Bd3 Nf6 6. Qe2 d5 7. e5 Ne4 8. Bd2 Bxc3 9. bxc3 Nc6 10. O-O h6 11. Bxe4 dxe4 12. Qxe4 Na5 13. Qg4 Qd5 14. a4 Nc4 15. Rab1 Bc6 16. Rb4 a5 17. Rbb1 Bxa4 18. Be3 Bxc2 19. Rbc1 Bd3 20. Rfe1 O-O-O 21. Nd2 g5 22.
Qg3 Nxd2 23. Bxd2 Bc4 24. Ra1 Rdg8 25. Qe3 h5 26. Reb1 h4 27. f3 g4 28. Kf2 g3+ 29.
hxg3 hxg3+ 30. Kg1 Rh4 31. Be1 Rh5 32. Qf4 Rf5 33.
Qh4 Qd7 34. Rb2 Qc6 35. Bxg3 Rfg5 36. Bf4 R5g6 37. Rf2 Bd5 38. Kf1 Qxc3 39. Re1 Bc4+ 40. Kg1 Qxe1+ 41. Kh2 Rxg2+ 42. Kh3 Qh1+ 43. Bh2 Qxh2# 0-1

[Event "Late-Titled-Tuesday-Blitz-March-05-2024"]
[Site "Chess.com"]
[Date "2024.03.05"]
[Round "5"]
[White "Charodej1"]
[Black "picturesquecheck"]
[Result "1-0"]
[WhiteElo "2338"]
[BlackElo "2404"]
[TimeControl "180+1"]
[EndTime "14:55:08 PST"]
[Termination "Charodej1 won by resignation"]

1. e4 c5 2. Nf3 Nc6 3. d4 cxd4 4. Nxd4 Nf6 5. Nc3 d6 6. Bc4 Qb6 7. Nxc6 bxc6 8. O-O e6 9. Qe2 Be7 10. e5 dxe5 11.
Qxe5 O-O 12. Bb3 Ba6 13. Be3 Qb8 14. Qxb8 Raxb8 15. Bxa7 Ra8 16. Be3 Bxf1 17. Rxf1 Nd5 18. Nxd5 cxd5 19. c4 dxc4 20. Bxc4 Rfc8 21. Bb3 Bf6 22.
Rb1 h6 23. Kf1 Rc7 24. Ke2 Rac8 25. Bd1 Rb7 26. b4 Ra8 27. a4 Be7 28. b5 Bd8 29.
Bb3 Bb6 30. Bxb6 Rxb6 31. Rc1 g6 32. Ke3 Kf8 33. Rc7 h5 34. Kd4 Rd6+ 35. Kc3 Ke8 36.
Kb4 Rd7 37. Rc2 Rd4+ 38. Kc5 Rdd8 39. Kb4 Rd4+ 40. Bc4 Kd7 41. a5 Kd6 42. b6 Rb8 43. Kb5 Rc8 44. b7 Rc5+ 45. Kb6 Rc6+ 46. Ka7 Rc7 47.
Ka8 Kc5 48. b8=Q 1-0

[Event "Late-Titled-Tuesday-Blitz-March-05-2024"]
[Site "Chess.com"]
[Date "2024.03.05"]
[Round "5"]
[White "McCarthyStone"]
[Black "JaackCamel"]
[Result "1/2-1/2"]
[WhiteElo "2356"]
[BlackElo "2202"]
[TimeControl "180+1"]
[EndTime "14:55:08 PST"]
[Termination "Game drawn by repetition"]

1. b3 d5 2. Bb2 Bf5 3. d3 Nf6 4. Nd2 e6 5. g3 h6 6. Bg2 Be7 7. e4 Bg6 8. Nh3 c6 9. O-O Nbd7 10. f4 Bh5 11. Qe1 O-O 12. Nf2 Qb6 13. h3 Bc5 14. Kh2 Rae8 15. a4 a5 16. e5 Nh7 17. g4 Bg6 18.
Nf3 f5 19. Nh4 Bf7 20. gxf5 Bh5 21. fxe6 Rxf4 22. exd7 Ref8 23. Ng4 Bxg4 24. Rxf4 Rxf4 25. hxg4 Bf2 26. e6 Bxe1 27. e7 Bg3+ 28. Kh1 Bxh4 29. d8=Q+ Qxd8 30. exd8=Q+ Bxd8 31. Bc3 Rxg4 32. Bh3 Rh4 33.
Kg2 Ng5 34. Bc8 b6 35. Bb7 Rg4+ 36. Kf2 c5 37. Bxd5+ Kh8 38. Re1 Rf4+ 39. Kg3 Rf8 40. Kg4 Bf6 41. Rf1 Be7 42. Re1 Bf6 43. Rf1 Be7 44. Re1 Bf6 1/2-1/2

[Event "Late-Titled-Tuesday-Blitz-March-05-2024"]
[Site "Chess.com"]
[Date "2024.03.05"]
[Round "5"]
[White "Polish_fighter3000"]
[Black "baki83"]
[Result "1-0"]
[WhiteElo "3114"]
[BlackElo "2822"]
[TimeControl "180+1"]
[EndTime "14:55:09 PST"]
[Termination "Polish_fighter3000 won on time"]

1. e4 c5 2. Nf3 e6 3. d4 cxd4 4. Nxd4 Nc6 5. Nc3 Qc7 6. Be3 a6 7. a3 b5 8. Nxc6 dxc6 9. Qf3 Bb7 10. Qg3 e5 11. f4 Ne7 12. h4 O-O-O 13. h5 f6 14. Qf2 c5 15. Bxc5 Nc6 16. Bb6 Qd6 17. Bxd8 Qxd8 18. Nd5 exf4 19. O-O-O Bd6 20. Nxf4 Qc7 21.
Nd5 Qf7 22. h6 Be5 23. hxg7 Qxg7 24. Nb6+ Kb8 25. Nd7+ Ka8 26. Nxe5 Nxe5 27. Bd3 Rc8 28. Kb1 Qe7 29. Rdf1 b4 30. Qxf6 Qc7 31. Rxh7 Qxh7 32. Qxe5 bxa3 33. b3 Qg8 34. Qe7 Qxg2 35. Rf7 a2+ 36.
Ka1 Qg1+ 37. Kxa2 Qb6 38. Qf6 Qa5+ 39. Kb2 Ka7 40. Qd4+ Ka8 41. e5 1-0

[Event "Late-Titled-Tuesday-Blitz-March-05-2024"]
[Site "Chess.com"]
[Date "2024.03.05"]
[Round "5"]
[White "secretsuperstar7"]
[Black "AlexPapasimakopoulos"]
[Result "1-0"]
[WhiteElo "2515"]
[BlackElo "2724"]
[TimeControl "180+1"]
[EndTime "14:55:09 PST"]
[Termination "secretsuperstar7 won on time"]

1. c4 e6 2. Nc3 d5 3. e3 Nf6 4.
Nf3 c5 5. cxd5 Nxd5 6. d4 Nxc3 7.
bxc3 Nc6 8. Bd3 cxd4 9. cxd4 Bb4+ 10. Bd2 Bxd2+ 11. Qxd2 O-O 12. O-O b6 13. Bxh7+ Kxh7 14. Qc2+ Kg8 15. Qxc6 Rb8 16. Qe4 Bb7 17. Qg4 Rc8 18.
Rfd1 Rc2 19. e4 Qc7 20. Ng5 Rd8 21. Qh4 g6 22. d5 exd5 23. exd5 Rxd5 24. Qh7+ Kf8 25.
Qh8+ Ke7 26. Re1+ Kd6 27. Qf6+ Kc5 28. Ne4+ Kb5 29. Rab1+ Ka6 30. Qf3 Qc4 31. h3 f5 32.
Nd6 Qc3 33. Qf4 Rd4 34. Qe5 Bc6 35. Qe7 Rb4 36. Nc8 Bb7 37. Nd6 Bc6 38. Rxb4 Qxb4 39. Qc7 1-0

[Event "Late-Titled-Tuesday-Blitz-March-05-2024"]
[Site "Chess.com"]
[Date "2024.03.05"]
[Round "5"]
[White "TanitoluwaAps116"]
[Black "ozates"]
[Result "1-0"]
[WhiteElo "2823"]
[BlackElo "2596"]
[TimeControl "180+1"]
[EndTime "14:55:10 PST"]
[Termination "TanitoluwaAps116 won by resignation"]

1. e4 e5 2. Nf3 Nc6 3. Bc4 Bc5 4. O-O Nf6 5. d3 O-O 6. h3 a5 7. Re1 h6 8. c3 d6 9. Nbd2 a4 10. Nf1 Ne7 11. b4 axb3 12. Bxb3 Ng6 13. Ng3 Be6 14. Bxe6 fxe6 15. Qb3 Qd7 16. d4 exd4 17. cxd4 Bb6 18. Bb2 Kh8 19. a4 Nf4 20. Bc3 Nh7 21. a5 Ba7 22.
Bd2 Qf7 23. Bxf4 Qxf4 24. Ra2 e5 25. Nf5 exd4 26. g3 Rxf5 27. gxf4 Rxf4 28. Qxb7 Raf8 29. Ra3 Bc5 30. Rd3 Rxf3 31. Rxf3 Rxf3 32. e5 Ng5 33. h4 d3 34. hxg5 Rxf2 35. Kh1 d2 36. Rd1 hxg5 37. a6 Re2 38. Qc8+ Kh7 39. Qh3+ Kg8 40. Qb3+ Kh7 41.
Qd3+ 1-0